Map: Emerald City LE

Players

KEBORK

  • Race: Protoss Protoss
  • Spawn Location: 5:00

luclpor

  • Race: Terran Terran
  • League: Bronze
  • Spawn Location: 5:00

Ewa - Winner!

  • Race: Zerg Zerg
  • Spawn Location: 11:00

Esgob - Winner!

  • Race: Zerg Zerg
  • League: Diamond
  • Spawn Location: 11:00

VOD

Have the link to the VOD?

Description

Time

  • Played on: Sept. 10, 2022, 5:53 p.m.
  • Length: 10:25
Show
View Real Time Build Order
Export as new Build Order

KEBORK Protoss 

Build Orders: Cannon Rush 

Get SALT Encoding   

  12  0:07  Probe  
  13  0:22  Pylon  
  13  0:28  Assimilator  
  13  0:33  Assimilator  
  13  0:40  Probe  
  14  0:52  Probe  
  15  0:57  Forge  
  15  1:04  Probe  
  16  1:23  Pylon  
  16  1:35  Pylon  
  16  1:44  Photon Cannon  
  16  1:49  Photon Cannon  
  16  1:50  Photon Cannon  
  16  1:54  Pylon  
  16  2:05  Photon Cannon  
  16  2:17  Photon Cannon  
  16  2:26  Pylon  
  15  2:42  Photon Cannon  
  15  2:58  Probe  
  16  3:00  Pylon  
  16  3:10  Probe  
  17  3:20  Pylon  
  17  3:22  Probe  
  17  3:23  Pylon  
  18  3:34  Probe  
  18  3:38  Photon Cannon  
  19  3:44  Photon Cannon  
  19  3:46  Probe, Photon Cannon  
  20  3:52  Photon Cannon  
  20  3:53  Photon Cannon  
  20  3:56  Photon Cannon  
  20  4:04  Pylon  
  20  4:06  Pylon  
  20  4:24  Photon Cannon  
  20  4:26  Photon Cannon  
  20  4:27  Photon Cannon  
  20  4:29  Photon Cannon  
  20  4:31  Photon Cannon  
  20  4:33  Photon Cannon  
  20  4:58  Photon Cannon  
  20  4:59  Photon Cannon  
  20  5:08  Gateway  
  12  5:32  Pylon  
  12  5:42  Protoss Shields Level 1  
  12  6:02  Photon Cannon  
  12  6:15  Probe  
  13  6:27  Probe  
  12  7:03  Photon Cannon  
  11  7:37  Probe  
  12  8:20  Probe  
  12  8:21  Pylon  
  13  8:32  Probe, Cybernetics Core  
  14  8:44  Probe  
  15  9:16  Robotics Facility x2  
  15  9:20  Robotics Facility  
  15  9:25  Probe (Chrono Boost)  
  16  9:34  Probe (Chrono Boost)  
  17  9:40  Probe  
  18  9:46  Twilight Council  
  18  9:52  Probe (Chrono Boost)  
  19  10:02  Probe (Chrono Boost)  
  19  10:06  Probe (Chrono Boost)  
Show
View Real Time Build Order
Export as new Build Order

luclpor Terran 

Build Orders:  

Get SALT Encoding   

  12  0:00  SCV  
  13  0:15  Supply Depot  
  13  0:22  SCV  
  14  0:35  Refinery, SCV  
  15  0:48  SCV  
  16  0:51  Refinery  
  16  1:00  SCV  
  17  1:12  SCV  
  17  1:17  Supply Depot  
  18  1:24  SCV  
  19  1:36  SCV  
  20  1:48  SCV  
  21  2:00  SCV  
  22  2:12  SCV  
  23  2:24  SCV  
  24  2:30  Command Center  
  24  2:31  Supply Depot  
  24  2:36  SCV  
  25  2:49  SCV  
  26  2:53  Supply Depot  
  26  3:01  SCV  
  27  3:13  SCV  
  28  3:25  SCV  
  29  3:37  SCV  
  30  3:42  Engineering Bay  
  30  3:49  SCV  
  30  3:50  SCV  
  32  4:01  SCV  
  33  4:03  SCV  
  34  4:13  SCV  
  34  4:15  SCV  
  36  4:18  Barracks, Terran Infantry Weapons Level 1  
  9  8:22  SCV  
  9  8:24  SCV  
  11  8:31  Engineering Bay  
  11  8:34  SCV  
  12  8:36  SCV  
  13  8:42  Barracks Tech Lab  
  13  8:46  SCV  
  13  8:48  SCV  
  15  8:58  SCV  
  15  9:00  SCV  
  17  9:09  Refinery  
  17  9:10  SCV  
  17  9:12  SCV  
  19  9:21  Supply Depot  
  19  9:24  SCV  
  20  9:33  Refinery  
  20  9:36  SCV  
  21  9:44  Supply Depot  
  21  10:07  Supply Depot  
Show
View Real Time Build Order
Export as new Build Order

Ewa Zerg - Winner!

Build Orders: Hatch First 

Get SALT Encoding   

  12  0:01  Drone  
  13  0:09  Drone  
  14  0:40  Hatchery  
  13  0:46  Drone  
  13  0:47  Overlord  
  14  1:04  Spawning Pool  
  14  1:08  Extractor  
  14  1:10  Drone  
  13  1:18  Drone x2  
  15  1:25  Drone  
  16  1:34  Drone  
  17  1:54  Drone, Queen  
  18  1:58  Zergling x2  
  21  2:04  Zergling x2  
  21  2:30  Zergling x6  
  22  2:46  Zergling x8  
  25  3:04  Roach Warren  
  24  3:07  Drone  
  24  3:08  Drone  
  26  3:26  Queen  
  26  3:36  Zergling x4  
  26  3:38  Overlord  
  28  3:51  Metabolic Boost  
  28  3:52  Overlord  
  28  4:02  Zergling x6  
  31  4:14  Zergling x6  
  34  4:24  Zergling x6  
  34  4:31  Zergling x2  
  34  4:32  Zergling x2  
  35  4:43  Zergling x4  
  35  4:44  Zergling x4  
  38  4:50  Zergling x4  
  37  5:04  Zergling x6  
  36  5:09  Zergling x4  
  33  5:24  Zergling x2  
  32  5:48  Zergling x10  
  34  6:00  Zergling x4  
  34  6:01  Zergling x2  
  37  6:05  Queen  
  39  6:20  Zergling x4  
  39  6:24  Lair  
  41  6:26  Drone x2  
  42  6:58  Roach  
  42  6:59  Overlord  
  42  7:00  Overlord x3  
  40  7:41  Drone x6  
  40  7:42  Drone  
  47  7:49  Burrow  
  47  7:50  Drone  
  47  7:51  Drone x6  
  54  8:00  Extractor  
  54  8:01  Glial Reconstitution, Hydralisk Den  
  54  8:03  Roach x2  
  56  8:08  Extractor  
  56  8:09  Extractor  
  54  8:21  Roach x3  
  60  8:31  Drone x4  
  60  8:32  Drone  
  65  8:35  Hydralisk  
  65  8:38  Zergling x4  
  69  8:43  Zergling x2  
  70  8:51  Roach x3  
  76  9:08  Overlord  
  76  9:09  Overlord x4  
  76  9:28  Roach x4  
  76  9:29  Roach x2  
  88  9:45  Hatchery, Roach x2  
  91  10:00  Zergling x8  
Show
View Real Time Build Order
Export as new Build Order

Esgob Zerg - Winner!

Build Orders: Hatch First 

Get SALT Encoding   

  12  0:01  Drone  
  13  0:08  Drone  
  14  0:16  Overlord  
  14  0:44  Hatchery  
  14  0:45  Drone  
  14  0:50  Drone  
  14  0:53  Drone  
  16  1:03  Drone  
  17  1:07  Drone  
  18  1:18  Extractor  
  17  1:20  Spawning Pool  
  17  1:23  Drone  
  17  1:28  Drone  
  18  1:58  Overlord  
  18  2:01  Drone x3  
  21  2:18  Drone  
  22  2:23  Spine Crawler, Queen  
  22  2:29  Extractor  
  22  2:47  Roach Warren  
  21  2:55  Drone x3  
  24  3:08  Lair  
  26  3:48  Roach  
  26  3:49  Roach x2  
  26  3:50  Overlord x2  
  30  4:01  Spine Crawler  
  29  4:08  Roach x2  
  33  4:12  Roach x2  
  33  4:13  Roach  
  39  4:22  Glial Reconstitution  
  39  4:24  Roach  
  43  4:31  Roach  
  43  4:42  Ravager  
  44  4:50  Ravager  
  45  5:05  Ravager  
  45  5:06  Ravager  
  45  5:10  Overlord x2  
  45  5:11  Overlord x2  
  45  5:24  Ravager  
  46  5:44  Hydralisk Den  
  45  6:17  Hydralisk  
  45  6:18  Hydralisk x3  
  47  6:19  Overlord x2  
  47  6:20  Overlord  
  51  7:00  Hydralisk  
  53  7:05  Hatchery  
  49  7:23  Hydralisk x3, Ravager  
  49  7:27  Grooved Spines  
  56  7:55  Evolution Chamber  
  56  7:58  Hydralisk, Ravager  
  56  7:59  Hydralisk  
  56  8:00  Zergling x2  
  61  8:10  Hatchery  
  60  8:25  Drone x3  
  63  8:29  Overseer  
  63  8:32  Metabolic Boost  
  63  8:42  Muscular Augments  
  63  8:53  Hydralisk  
  63  8:55  Zergling x12  
  71  9:09  Queen  
  71  9:11  Drone  
  71  9:12  Drone  
  75  9:23  Drone x3  
  78  9:30  Hydralisk  
Tags
 
Add a new tag
Caveats
  • Supply blocks, unpowered buildings, or Contaminate may cause inaccurate times.
  • Supply counts are checked every 10 seconds.